 Dungeon Crawl Stone Soup version 0.30.1-9-gdf580d7c3d (webtiles) character file.

Game seed: 4888273811466558876

275 growler the Gusty (level 6, 0/32 HPs)
             Began as a Tengu Air Elementalist on Oct 3, 2023.
             Slain by a centaur zombie (1 damage)
             ... in an ossuary on Oct 4, 2023.
             The game lasted 00:06:47 (2809 turns).

growler the Gusty (Tengu Air Elementalist)          Turns: 2809, Time: 00:06:48

Health: 0/32       AC:  2    Str:  9    XL:     6   Next: 24%
Magic:  14/21      EV: 15    Int: 17    God:
Gold:   165        SH:  0    Dex: 20    Spells: 2/12 levels left

rFire   . . .        (no weapon)
rCold   . . .        (no shield)
rNeg    . . .        a - +0 robe
rPois   .            (helmet restricted)
rElec   .            (no cloak)
rCorr   .            (no gloves)
SInv    .            (boots unavailable)
Will    .....        d - amulet of magic regeneration
Stlth   ++           g - ring of magical power
HPRegen 0.25/turn    l - +6 ring of dexterity
MPRegen 0.57/turn

%: no passive effects
@: flying quickly and evasively, quick
A: beak, talons 3, nimble flight
a: no special abilities


You were in an ossuary.
You visited 1 branch of the dungeon, and saw 4 of its levels.
You also visited: Ossuary.

You collected 165 gold pieces.

Inventory:

Armour
 a - a +0 robe (worn)
Jewellery
 d - an amulet of magic regeneration (around neck)
 f - an amulet of the acrobat
 g - a ring of magical power (left hand)
 l - a +6 ring of dexterity (right hand)
 o - a ring of positive energy
Wands
 q - a wand of polymorph (3)
Scrolls
 h - 2 scrolls of noise {unknown}
 i - 2 scrolls of enchant armour {unknown}
 j - 3 scrolls of identify {unknown}
 m - 2 scrolls of teleportation {unknown}
 n - a scroll of magic mapping {unknown}
 p - a scroll of vulnerability {unknown}
 r - a scroll of blinking {unknown}
 s - a scroll of poison {unknown}
 t - a scroll of butterflies {unknown}
Potions
 b - a potion of magic
 c - a potion of mutation {unknown}
 e - 2 potions of brilliance {unknown}
 k - a potion of heal wounds {unknown}


   Skills:
 - Level 2.1 Dodging
 - Level 2.0 Stealth
 + Level 3.6 Spellcasting
 + Level 4.7 Conjurations
 + Level 6.1 Air Magic


You had 2 spell levels left.
You knew the following spells:

 Your Spells              Type           Power      Damage    Failure   Level
a - Shock                 Conj/Air       84%        1d8       1%          1
b - Static Discharge      Conj/Air       42%        2-4/arc   2%          2
c - Swiftness             Air            23%        N/A       4%          3
d - Airstrike             Air            11%        2d(2-18)  13%         4

Your spell library contained the following spells:

 Spells                   Type           Power      Damage    Failure   Level
 Apportation              Tloc           6%         N/A       16%         1
 Freeze                   Ice            12%        1d3       16%         1
 Vhi's Electric Charge    Tloc/Air       26%        N/A       14%         3
 Hailstorm                Conj/Ice       11%        3d5       19%         3
 Call Canine Familiar     Summ           3%         N/A       43%         3
 Frozen Ramparts          Ice            6%         1d1       43%         3
 Portal Projectile        Hex/Tloc       6%         N/A       43%         3
 Arcjolt                  Conj/Air       10%        1d20      43%         5
 Leda's Liquefaction      Hex/Erth       1%         N/A       85%         4
 Alistair's Intoxication  Tmut/Pois      2%         N/A       99%         5
 Maxwell's Capacitive Co  Air            11%        ∞         100%        8


Dungeon Overview and Level Annotations

Branches:
Dungeon (4/15)            Ossuary (1/1)
 Temple: D:4-7

Altars:

Shops:
D:1 ?


Innate Abilities, Weirdness & Mutations

You have a beak for a mouth.
You have claws for feet.
Your magical nature lets you fly swiftly and evasively.


Message History

The mummy is struck by an arc of lightning.
The mummy is severely damaged.
You are struck by an arc of lightning.
The lightning grounds out.
The mummy completely misses you.
Casting: Static Discharge (safe; 2% risk of failure)
Confirm with . or Enter, or press ? or * to list all spells.
The mummy is struck by an arc of lightning.
The mummy is moderately damaged.
You are struck by an arc of lightning.
The mummy is struck by an arc of lightning.
The mummy is almost destroyed.
The lightning grounds out.
The mummy is struck by an arc of lightning.
You destroy the mummy!
You are struck by an arc of lightning.
The lightning grounds out.
Casting: Static Discharge (safe; 2% risk of failure)
Confirm with . or Enter, or press ? or * to list all spells.
The mummy is struck by an arc of lightning.
The mummy is moderately damaged.
You are struck by an arc of lightning.
The mummy is struck by an arc of lightning.
The mummy is severely damaged.
The lightning grounds out.
The mummy hits you. The mummy completely misses you.
Casting: Static Discharge (safe; 2% risk of failure)
Confirm with . or Enter, or press ? or * to list all spells.
The centaur zombie is struck by an arc of lightning.
The centaur zombie is lightly damaged.
You are struck by an arc of lightning.
The lightning grounds out.
The centaur zombie hits you.
The centaur zombie kicks you but does no damage.
The mummy barely misses you. The mummy hits you!
* * * LOW HITPOINT WARNING * * *
Unknown command.
The centaur zombie hits you.
* * * LOW HITPOINT WARNING * * *
The centaur zombie misses you.
The centaur zombie attacks as you move away!
The centaur zombie hits you but does no damage.
The centaur zombie kicks you.
You die...

#.....#
#^....#
#.....#
#..∩..#
#.....#
#..∩..#
#.....#
#...Z.#
#.MM@.#
#.....#
##...##
#####


You could see 2 mummies and a centaur zombie.

Vanquished Creatures
  A scorpion (D:3)
  An orc priest (D:3)
  Natasha (D:3)
  A mummy (Ossuary)
  6 adders
  4 worms
  2 dart slugs
  3 orcs (D:3)
  3 endoplasms
  4 giant cockroaches
  4 goblins
  5 hobgoblins
  5 jackals
  A quokka (D:3)
  10 ball pythons
  10 bats
  5 frilled lizards
  A hobgoblin zombie (D:4)
  8 kobolds
  6 rats
81 creatures vanquished.

Notes
Turn   | Place    | Note
-------+----------+-------------------------------------------
     0 | D:1      | growler the Tengu Air Elementalist began the quest for the
                  | Orb.
     0 | D:1      | Reached XP level 1. HP: 10/10 MP: 4/4
   268 | D:1      | Reached XP level 2. HP: 7/15 MP: 6/6
   328 | D:1      | Learned a level 2 spell: Static Discharge
   561 | D:1      | Reached XP level 3. HP: 14/19 MP: 1/7
   565 | D:1      | Learned a level 3 spell: Swiftness
   581 | D:1      | Found Oqurph's Magic Scroll Boutique.
  1449 | D:2      | Reached XP level 4. HP: 24/24 MP: 9/9
  1583 | D:2      | Reached skill level 5 in Air Magic
  1862 | D:3      | Noticed a scorpion
  1865 | D:3      | Killed a scorpion
  1866 | D:3      | Gained mutation: Your magical nature lets you fly swiftly
                  | and evasively. [Tengu growth]
  1866 | D:3      | Reached XP level 5. HP: 18/28 MP: 10/10
  1928 | D:3      | Learned a level 4 spell: Airstrike
  2351 | D:3      | Noticed Natasha
  2358 | D:3      | Killed Natasha
  2359 | D:3      | Reached skill level 6 in Air Magic
  2359 | D:3      | Reached XP level 6. HP: 15/32 MP: 12/12
  2787 | D:4      | Found a sand-covered staircase.
  2800 | Ossuary  | Entered an ossuary
  2808 | Ossuary  | HP: 1/32 [centaur zombie (3)]
  2809 | Ossuary  | Slain by a centaur zombie

Illustrated notes

Levels and vault maps discovered:
D:1:      nzn_arrival_depleted_hourglass, layout_basic, serial_shops, shop
D:2:      layout_loops_ring, dk_noncrumbling_2
D:3:      layout_loops_ring, minmay_misc_feat_roman, minmay_surrounded,
          uniq_natasha
D:4:      layout_basic, gammafunk_ghost_arena, enter_ossuary_3, serial_forest,
          infiniplex_forest_corner_2, infiniplex_forest_clump_cross,
          infiniplex_forest_corner_2, infiniplex_forest_clump_small,
          infiniplex_forest_clump_medium, infiniplex_forest_zigzag_2,
          infiniplex_forest_end_1, infiniplex_forest_end_1,
          infiniplex_forest_lined_room_, infiniplex_forest_clump_double,
          chequers_serial_rivers_micro_d, serial_park_tiny_1,
          serial_bayou_lake_a
Ossuary:  ossuary_the_hunt_dpeg

Skill      XL: |  1  2  3  4  5 |
---------------+----------------+-----
Conjurations   | 2 3 4 |  4.7
Air Magic      | 5 6 |  6.1
Spellcasting   | 3 |  3.6
Dodging        | |  2.1
Stealth        | |  2.0

Action                     |  1- 3 |  4- 6 || total
---------------------------+-------+-------++-------
  Melee: Unarmed           |     6 |     4 ||    10
         Peck              |     2 |     1 ||     3
         Punch             |     1 |       ||     1
         Kick              |       |     1 ||     1
   Cast: Shock             |    91 |    86 ||   177
         Static Discharge  |       |    20 ||    20
   Stab: Sleeping          |       |     1 ||     1
 Armour: Robe              |     9 |     3 ||    12
  Dodge: Dodged            |    17 |    17 ||    34
